 Dungeon Crawl Stone Soup version 0.27-a0-819-g058290f16d (webtiles) character file.

Game seed: 2715779065095560387

171 polve the Slasher (level 5, -1/41 HPs)
             Began as a Demonspawn Abyssal Knight on Mar 29, 2021.
             Was a Believer of Lugonu.
             Succumbed to a scorpion's poison
             ... on level 4 of the Dungeon.
             The game lasted 00:02:54 (3973 turns).

polve the Slasher (Demonspawn Abyssal Knight)       Turns: 3973, Time: 00:02:55

Health: -1/41      AC:  5    Str: 10 (12) XL:     5   Next: 26%
Magic:  6/6        EV: 10    Int: 13 (15) God:    Lugonu [**....]
Gold:   174        SH:  0    Dex: 11 (12) Spells: 4/4 levels left

rFire    . . .     SeeInvis .   a - +1 falchion
rCold    . . .     Faith    .   (no shield)
rNeg     . . .     Spirit   .   f - +0 ring mail
rPois    .         Reflect  .   (no helmet)
rElec    .         Harm     .   (no cloak)
rCorr    .         Rampage  .   (no gloves)
Will     .....                  (no boots)
Stlth    ..........             (no amulet)
HPRegen  0.13/turn              (no ring)
MPRegen  0.10/turn              (no ring)

@: lethally poisoned (-1 -> -9)
A: hooves 1, demonic magic 1
a: Renounce Religion, Depart the Abyss, Bend Space


You were on level 4 of the Dungeon.
You worshipped Lugonu.
Lugonu was pleased with you.
You visited 1 branch of the dungeon, and saw 4 of its levels.
You visited the Abyss 1 time.

You collected 174 gold pieces.

Inventory:

Hand Weapons
 a - a +1 falchion (weapon)
 b - a +1 dagger of venom
Armour
 f - a +0 ring mail (worn)
 g - a +0 leather armour
Wands
 i - a wand of polymorph (4)
 j - a wand of paralysis (5)
Scrolls
 c - 5 scrolls of identify {unknown}
 d - a scroll of magic mapping {unknown}
 e - a scroll of holy word {unknown}
 h - a scroll of noise {unknown}
 k - 2 scrolls of enchant armour {unknown}
 l - a scroll of vulnerability {unknown}
 m - a scroll of summoning {unknown}
 n - a scroll of teleportation {unknown}


   Skills:
 - Level 3.0 Fighting
 + Level 5.1 Long Blades
 - Level 1.7 Armour
 - Level 0.8 Dodging
 - Level 2.4 Invocations


You had 4 spell levels left.
You didn't know any spells.
Your spell library was empty.

Dungeon Overview and Level Annotations

Branches:
Dungeon (4/15)
 Temple: D:4-7

Altars:

Shops:
D:3 =


Innate Abilities, Weirdness & Mutations

You have large cloven feet.
Spells you cast may paralyse adjacent enemies.


Message History

The scorpion is heavily wounded.
The scorpion stings you! The scorpion misses you.
You hit the scorpion.
The scorpion is heavily wounded.
The scorpion stings you!
* * * LOW HITPOINT WARNING * * *
You hit the scorpion but do no damage. Your kick misses the scorpion.
The scorpion is heavily wounded.
The scorpion closely misses you.
You riposte.
You hit the scorpion. Your kick misses the scorpion.
The scorpion is severely wounded.
You barely miss the scorpion. Your kick misses the scorpion.
The scorpion is severely wounded.
The scorpion stings you.
* * * LOW HITPOINT WARNING * * *
You closely miss the scorpion.
The scorpion is severely wounded.
The scorpion stings you.
* * * LOW HITPOINT WARNING * * *
You completely miss the scorpion.
The scorpion is severely wounded.
The scorpion barely misses you.
You closely miss the scorpion.
The scorpion is severely wounded.
The scorpion stings you but does no damage.
You hit the scorpion.
The scorpion is almost dead.
The scorpion stings you.
* * * LOW HITPOINT WARNING * * *
You are lethally poisoned!
The scorpion poisons you!
You aren't carrying any potions.
Your ring mail prevents you from hitting the scorpion.
The scorpion is almost dead.
* * * LOW HITPOINT WARNING * * *
You feel very sick. The scorpion barely misses you.
You hit the scorpion but do no damage. Your kick misses the scorpion.
The scorpion is almost dead.
You die...

....................#...
....#....#.#........#...
.......................
. .......[.............
.. #...##.###..........
...##...##.###.##.......
..?.....................
.#.##...................
#..@##.###.##.##.#..
#..s##.# #.##.##....
.......... ...........
...........###.#######..
######...... .........
#...... .........
#..##### #######.. ....
........ ######..


You could see a scorpion.

Vanquished Creatures
  Ijyb (D:4)
  4 adders
  3 river rats (D:3)
  2 adder skeletons
  2 dart slugs
  2 orcs
  6 ball pythons
  5 bats
  5 endoplasms
  2 giant cockroaches
  5 goblins
  3 hobgoblins
  10 jackals
  4 quokkas
  3 frilled lizards
  7 kobolds
  10 rats
74 creatures vanquished.

Notes
Turn   | Place    | Note
-------+----------+-------------------------------------------
     0 | Abyss:1  | polve the Demonspawn Abyssal Knight began the quest for the
                  | Orb.
     0 | Abyss:1  | Reached XP level 1. HP: 18/18 MP: 2/2
    64 | Abyss:1  | Noticed a thrashing horror
    69 | D:1      | Escaped the Abyss
   276 | D:1      | Reached skill level 2 in Long Blades
   388 | D:1      | Reached * piety under Lugonu
   483 | D:1      | Gained mutation: Spells you cast may paralyse adjacent
                  | enemies. [demonic ancestry]
   483 | D:1      | Reached XP level 2. HP: 24/24 MP: 3/3
   860 | D:1      | Reached skill level 3 in Long Blades
  1168 | D:2      | Reached XP level 3. HP: 28/29 MP: 4/4
  2272 | D:3      | Reached ** piety under Lugonu
  2277 | D:3      | Gained mutation: You have large cloven feet. [demonic
                  | ancestry]
  2277 | D:3      | Reached XP level 4. HP: 34/35 MP: 5/5
  2289 | D:3      | Reached skill level 4 in Long Blades
  2435 | D:3      | Found Sumenian's Jewellery Emporium.
  3312 | D:3      | Reached XP level 5. HP: 15/41 MP: 6/6
  3623 | D:4      | Noticed Ijyb
  3651 | D:4      | Paralysed by Ijyb for 6 turns
  3660 | D:4      | Killed Ijyb
  3661 | D:4      | Reached skill level 5 in Long Blades
  3972 | D:4      | HP: 1/41 [poisoned by a scorpion]
  3973 | D:4      | Succumbed to a scorpion's poison

Illustrated notes

Levels and vault maps discovered:
D:1:      matt_arrival_refuge, layout_loops_ring
D:2:      layout_basic
D:3:      layout_basic, serial_shops, shop, portal_sewer_entry_e
D:4:      minmay_chambers_of_threes, layout_basic, ebering_ghost_sewer_d,
          serial_glass, glass_columns_b, glass_columns_a, uniq_ijyb

Skill      XL: |  1  2  3  4  5 |
---------------+----------------+-----
Long Blades    | 2 3 4 5 |  5.1
Fighting       | |  3.0
Armour         | |  1.7
Dodging        | |  0.8
Invocations    | |  2.4

Action                   |  1- 3 |  4- 6 || total
-------------------------+-------+-------++-------
Melee: Falchion          |   105 |   131 ||   236
       Kick              |       |    24 ||    24
Invok: Depart the Abyss  |     1 |       ||     1
  Use: Potion            |       |     2 ||     2
Armor: Leather armour    |    13 |       ||    13
       Ring mail         |    22 |    60 ||    82
Dodge: Dodged            |    65 |    72 ||   137
       Rpst.: Falchion   |    18 |    29 ||    47

Table legend: (Time is in decaauts)
 A = Elapsed time spent in this place.
 B = Non-inter-level travel time spent in this place.
 C = Inter-level travel time spent in this place.
 D = Time resting spent in this place.
 E = Time spent auto-exploring this place.
 F = Levels seen in this place.
 G = Mean time per level.
                   A        B        C        D        E       F      G
               +--------+--------+--------+--------+--------+-----+--------+
         Total |   3997 |   3911 |     86 |      0 |   3400 |   5 |  799.4 |
       Dungeon |   3928 |   3842 |     86 |      0 |   3336 |   4 |  982.0 |
         Abyss |     69 |     69 |      0 |      0 |     64 |   1 |   69.0 |
               +--------+--------+--------+--------+--------+-----+--------+

Top non-repeatable levels by time:
     D:3: 1470 daAuts
     D:1: 1069 daAuts
     D:2: 1032 daAuts
     D:4: 356 daAuts
 Abyss:1: 69 daAuts
